 Dungeon Crawl Stone Soup version 0.23.1-41-g7e51ed3 (webtiles) character file.

Game seed: 3751979641207147154

9346 teukkam the Protected (level 11, 0/148 HPs)
             Began as a Minotaur Fighter on Mar 28, 2019.
             Was a Believer of Nemelex Xobeh.
             Slain by an unseen horror (3 damage)
             ... on level 10 of the Dungeon on Mar 29, 2019.
             The game lasted 00:31:10 (7056 turns).

teukkam the Protected (Minotaur Fighter)            Turns: 7056, Time: 00:31:11

Health: 0/148      AC: 25    Str: 23    XL:     11   Next: 21%
Magic:  13/13      EV:  2    Int: 10    God:    Nemelex Xobeh [**....]
Gold:   510        SH: 18    Dex: 16    Spells: 10/10 levels left

rFire    + . .     SeeInvis .   a - +3 flail (drain)
rCold    . . .     Gourm    .   F - +0 large shield
rNeg     + + +     Faith    .   (armour currently unavailable)
rPois    +         Spirit   .   (helmet currently unavailable)
rElec    .         Reflect  .   (cloak currently unavailable)
rCorr    .         Harm     +   (gloves currently unavailable)
MR       .....     NoTele   +   (boots currently unavailable)
Stlth    ++........             G - amulet of harm
HPRegen  0.34/turn              E - ring of protection from fire
MPRegen  0.13/turn              s - +3 ring of evasion

@: brilliant, agile, tree-form (expiring), studying Armour, very slow
A: (retaliatory headbutt), rugged brown scales 1
a: Draw Escape, Draw Destruction, Draw Summoning, Renounce Religion


You were on level 10 of the Dungeon.
You worshipped Nemelex Xobeh.
Nemelex Xobeh was pleased with you.
You were not hungry.
You were a tree.
You visited 2 branches of the dungeon, and saw 11 of its levels.

You collected 510 gold pieces.

Inventory:

Hand Weapons
 a - a +3 flail of draining (weapon)
 b - the +6 hunting sling "Fianoh" {venom, MR- Int+8 Dex-3}
   (You found it on level 6 of the Dungeon)

   It poisons the ammo it fires.
   It affects your intelligence (+8).
   It affects your dexterity (-3).
   It affects your resistance to hostile enchantments.
 k - a +0 war axe
 p - a +0 short sword of venom
 r - a +5 whip
 w - a +2 trident of freezing
 y - a +0 hunting sling
Missiles
 e - 24 sling bullets
 q - 16 tomahawks (quivered)
 B - 422 stones
 J - 14 poisoned needles
Armour
 i - a +1 pair of boots (melded)
 l - a +0 chain mail (melded)
 m - a +0 pair of gloves (melded)
 F - a +0 large shield (worn)
 O - a scarf of cloud immunity (melded)
Jewellery
 s - a +3 ring of evasion (right branch)
 u - an uncursed ring of flight
 v - an uncursed ring of fire
 A - an uncursed amulet of guardian spirit
 E - a ring of protection from fire (left branch)
 G - an amulet of harm (around neck)
 T - a +5 ring of protection
Wands
 t - a wand of iceblast (8)
 N - a wand of random effects (19)
 Q - a wand of acid (6)
 S - a wand of disintegration (15)
Scrolls
 d - 13 scrolls of identify
 z - 2 scrolls of enchant armour {unknown}
 C - 3 scrolls of amnesia
 I - 3 scrolls of fog
 P - a scroll of silence {unknown}
 U - a scroll of summoning {unknown}
 W - a scroll of teleportation {unknown}
Potions
 h - a potion of cancellation
 n - 2 potions of ambrosia
 o - 2 potions of invisibility
 x - a potion of agility
 D - a potion of mutation
 H - a potion of lignification
 R - 2 potions of might
Books
 j - a manual of Armour
Miscellaneous
 M - a crystal ball of energy
 V - a sack of spiders
Comestibles
 f - 8 rations


   Skills:
 + Level 9.3 Fighting
 - Level 3.0(7.5) Axes
 + Level 8.4(8.7) Maces & Flails
 + Level 6.7(7.0) Polearms
 + Level 7.4 Slings
 + Level 11.7 Armour
 + Level 9.4 Shields
 + Level 4.7 Invocations


You had 10 spell levels left.
You didn't know any spells.
Your spell library was empty.

Dungeon Overview and Level Annotations

Branches:
Dungeon (10/15)            Temple (1/1) D:6
   Lair: D:8-11         Orc: D:9-12

Altars:
Ashenzari
Cheibriados
Dithmenos
Elyvilon
Fedhas
Gozag
Hepliaklqana
Kikubaaqudgha
Makhleb
Nemelex Xobeh
Ru
Sif Muna
Trog
Uskayaw
Vehumet
Wu Jian
Yredelemnul
Zin
The Shining One

Annotations:
D:6 3 runed translucent doors, Caim's ghost, novice BaFi
D:7 1 runed translucent door, kae's ghost, novice DsFi


Innate Abilities, Weirdness & Mutations

((You reflexively headbutt those who attack you in melee.))
((You have a pair of horns on your head.))
(You are partially covered in rugged brown scales. (AC +1, +3% HP))
((You are partially covered in slimy green scales. (AC +2)))


Message History

The bullfrog simulacrum hits you but does no damage.
Okay, then.
You sock the bullfrog simulacrum!
The bullfrog simulacrum vapourises!
You block the centaur skeleton's attack. x2
You thump the centaur skeleton!
The centaur skeleton is moderately damaged.
Your transformation is almost over.
Something hits you.
* * * LOW HITPOINT WARNING * * *
You block the centaur skeleton's attack.
You hit the centaur skeleton.
The centaur skeleton is heavily damaged.
You hear a splashing noise.
The centaur skeleton hits you but does no damage.
You sock the centaur skeleton!
You destroy the centaur skeleton!
Something hits you.
You die...
Your body disappears without a glow.

≈≈≈≈≈≈≈≈≈≈≈≈≈≈≈≈≈#
≈≈≈≈≈≈≈≈≈≈≈≈≈≈≈≈≈≈≈#
≈≈≈≈≈≈≈≈≈≈≈≈≈≈≈≈≈≈≈≈≈#
≈≈≈≈≈≈≈≈≈≈≈≈≈≈≈≈≈≈≈≈≈≈≈#
#####......#############
..................!.....
..........≈≈≈≈.###≈...).
......≈≈.≈≈≈...#♣{≈≈≈...
.<.≈≈≈≈≈........#).))...
...≈≈≈....∩..∩....)≈≈...
...≈≈≈.≈≈......≈≈≈≈≈.(..
.......≈≈≈.≈≈≈≈≈≈.......
[........≈≈≈≈≈≈≈..(.>...
........................
............%...........
.................(..


There were no monsters in sight!

Vanquished Creatures
  2 two-headed ogres
  Prince Ribbit (D:6)
  A hippogriff (D:7)
  A hungry ghost (D:9)
  Eustachio (D:4)
  12 yaks
  An orc warrior (D:5)
  3 ice beasts
  4 sky beasts
  A necrophage (D:5)
  7 ogres
  A phantom (D:9)
  3 centaurs
  A big kobold (D:8)
  Blork the orc (D:6)
  3 bullfrogs
  2 scorpions
  10 killer bees
  5 wights (D:6)
  2 electric eels (D:10)
  A bullfrog zombie (D:6)
  A bullfrog skeleton (D:8)
  2 jellies
  2 orc priests
  A quasit (D:8)
  8 hounds
  An iron imp (D:6)
  A centaur skeleton (D:10)
  9 orc wizards
  Terence (D:3)
  An iguana (D:7)
  Natasha (twice) (D:3)
  2 worker ants
  A killer bee zombie (D:9)
  A bullfrog simulacrum (D:10)
  2 hound zombies
  9 gnolls
  3 river rats
  7 adders
  3 howler monkey skeletons
  3 shadow imps
  A worker ant simulacrum (D:10)
  2 ufetubi (D:10)
  An ooze (D:9)
  3 adder zombies
  An adder skeleton (D:9)
  4 worms
  A dart slug (D:1)
  6 leopard geckos
  21 orcs
  6 giant cockroaches
  5 goblins
  5 hobgoblins
  2 jackals (D:6)
  11 kobolds
  4 quokkas
  3 ball pythons
  6 bats
  5 frilled lizards
  7 rats
217 creatures vanquished.

Vanquished Creatures (others)
  A two-headed ogre (D:10)
  A polar bear (D:10)
  3 yaks (D:10)
  An orc warrior (D:10)
  A necrophage (D:10)
  A jelly (D:10)
  3 orc wizards (D:10)
  A ball lightning (D:10)
  2 orcs (D:10)
14 creatures vanquished.

Grand Total: 231 creatures vanquished

Notes
Turn   | Place    | Note
-------+----------+-------------------------------------------
     0 | D:1      | teukkam the Minotaur Fighter began the quest for the Orb.
     0 | D:1      | Reached XP level 1. HP: 19/19 MP: 0/0
   117 | D:3      | Noticed Terence
   121 | D:3      | Killed Terence
   121 | D:3      | Reached skill level 4 in Armour
   121 | D:3      | Reached XP level 2. HP: 22/27 MP: 1/1
   121 | D:3      | Reached XP level 3. HP: 26/33 MP: 2/2
   202 | D:3      | Noticed Natasha
   209 | D:3      | Killed Natasha
   209 | D:3      | Reached skill level 1 in Maces & Flails
   335 | D:4      | Reached XP level 4. HP: 39/41 MP: 3/3
   419 | D:5      | Entered Level 5 of the Dungeon
   698 | D:5      | Reached XP level 5. HP: 45/47 MP: 4/4
   717 | D:5      | Reached skill level 1 in Slings
   718 | D:5      | Noticed an orc warrior
   744 | D:5      | Reached skill level 5 in Fighting
   744 | D:5      | Reached skill level 5 in Armour
   744 | D:5      | Reached skill level 5 in Shields
   751 | D:5      | Killed an orc warrior
   751 | D:5      | Reached XP level 6. HP: 17/56 MP: 5/5
  1021 | D:5      | Noticed a sky beast
  1030 | D:5      | Reached XP level 7. HP: 31/61 MP: 6/6
  1441 | D:5      | Reached skill level 6 in Armour
  1727 | D:5      | Reached XP level 8. HP: 70/70 MP: 7/7
  1974 | D:7      | Reached skill level 7 in Armour
  1997 | D:7      | Reached skill level 1 in Polearms
  2006 | D:6      | Got a dazzling hunting sling
  2008 | D:6      | Identified the +6 hunting sling "Fianoh" {venom, MR- Int+8
                  | Dex-3} (You found it on level 6 of the Dungeon)
  2256 | D:6      | Noticed Blork the orc
  2260 | D:6      | Killed Blork the orc
  2328 | D:6      | Found a snail-covered altar of Cheibriados.
  2339 | D:6      | Noticed Prince Ribbit
  2349 | D:6      | Reached skill level 5 in Maces & Flails
  2393 | D:6      | Killed Prince Ribbit
  2393 | D:6      | Reached skill level 8 in Armour
  2432 | D:6      | Found a glowing golden altar of the Shining One.
  2465 | D:6      | Gained mutation: You are partially covered in rugged brown
                  | scales. (AC +1, +3% HP) [potion of mutation]
  2465 | D:6      | Gained mutation: You are partially covered in slimy green
                  | scales. (AC +2) [potion of mutation]
  2466 | D:6      | Reached XP level 9. HP: 63/81 MP: 5/8
  2473 | D:6      | Reached skill level 5 in Slings
  2593 | D:6      | Found a runed translucent gate.
  2594 | D:6      | Found a runed translucent gate.
  2595 | D:6      | Found a runed translucent gate.
  2597 | D:6      | Noticed Caim's ghost (novice BaFi)
  2713 | D:6      | Found a staircase to the Ecumenical Temple.
  2719 | Temple   | Entered the Ecumenical Temple
  3172 | D:2      | Found a sparkling altar of Nemelex Xobeh.
  3202 | D:2      | Became a worshipper of Nemelex Xobeh the Trickster
  3278 | D:1      | Received a gift from Nemelex Xobeh
  4042 | D:2      | Found a glowing silver altar of Zin.
  4215 | D:3      | Noticed Natasha
  4223 | D:3      | Killed Natasha
  4236 | D:4      | Reached * piety under Nemelex Xobeh
  4319 | D:4      | Received a gift from Nemelex Xobeh
  4403 | D:4      | Noticed Eustachio
  4409 | D:4      | Killed Eustachio
  4888 | D:7      | Reached skill level 9 in Armour
  4891 | D:7      | Reached skill level 1 in Invocations
  5043 | D:7      | Found a runed translucent door.
  5043 | D:7      | Noticed kae's ghost (novice DsFi)
  5208 | D:7      | Found a basalt altar of Yredelemnul.
  5391 | D:9      | Received a gift from Nemelex Xobeh
  5552 | D:8      | Noticed a two-headed ogre
  5566 | D:8      | Killed a two-headed ogre
  5566 | D:8      | Reached skill level 10 in Armour
  5566 | D:8      | Reached XP level 10. HP: 43/90 MP: 9/11
  5598 | D:8      | Reached ** piety under Nemelex Xobeh
  5633 | D:8      | Reached skill level 5 in Polearms
  5761 | D:8      | Upgraded the game from 0.23.1-38-g628c18f to
                  | 0.23.1-41-g7e51ed3
  6083 | D:8      | Received a gift from Nemelex Xobeh
  6089 | D:8      | Found a radiant altar of Vehumet.
  6314 | D:9      | Noticed a two-headed ogre
  6321 | D:9      | Killed a two-headed ogre
  6667 | D:9      | Reached skill level 11 in Armour
  6845 | D:9      | Found a shattered altar of Ashenzari.
  6892 | D:9      | Found a shadowy altar of Dithmenos.
  6991 | D:10     | Entered Level 10 of the Dungeon
  6991 | D:10     | Noticed a two-headed ogre
  7030 | D:10     | Noticed a two-headed ogre
  7037 | D:10     | Reached XP level 11. HP: 45/99 MP: 13/13
  7037 | D:10     | Killed a two-headed ogre
  7049 | D:10     | HP: 6/148 [bullfrog simulacrum (8)]
  7054 | D:10     | HP: 3/148 [something (3)]
  7056 | D:10     | Slain by an unseen horror

Skill      XL: |  1  2  3  4  5  6  7  8  9 10 |
---------------+-------------------------------+-----
Fighting       | 4 5 6 7 8 9 |  9.3
Axes           | 3 |  3.0
Armour         | 4 5 6 8 10 11 | 11.7
Shields        | 4 5 6 7 8 9 |  9.4
Maces & Flails | 1 2 3 4 5 6 8 |  8.4
Slings         | 1 2 3 4 6 7 |  7.4
Polearms       | 3 4 6 |  6.7
Invocations    | 2 4 |  4.7

Action                   |  1- 3 |  4- 6 |  7- 9 | 10-12 || total
-------------------------+-------+-------+-------+-------++-------
Melee: War axe           |     8 |     4 |    47 |       ||    59
       Headbutt          |     2 |    11 |    49 |    21 ||    83
       Flail             |    12 |    54 |   264 |   139 ||   469
 Fire: Hunting sling     |       |     3 |    60 |    12 ||    75
Throw: Tomahawk          |       |       |     7 |       ||     7
 Abil: Draw Destruction  |       |       |     3 |     5 ||     8
       Draw Escape       |       |       |       |     1 ||     1
  Use: Scroll            |       |     5 |     2 |     1 ||     8
       Potion            |       |     2 |     2 |     7 ||    11
  Eat: Chunk             |       |       |     5 |     1 ||     6
       Ration            |       |       |     3 |     2 ||     5
Armor: Scale mail        |     1 |       |       |       ||     1
       Chain mail        |     2 |    25 |   212 |    86 ||   325
       Skin              |       |       |       |     9 ||     9
Dodge: Dodged            |     9 |    18 |   132 |    41 ||   200
Block: Shield            |     9 |    32 |   123 |       ||   164
       Large shield      |       |       |   154 |   148 ||   302
